 Dungeon Crawl Stone Soup version 0.27.1-1-g398f81649c (webtiles) character file.

Game seed: 16616916903525250949

30384 ZARRMARR the Covert (level 13, -5/90 HPs)
             Began as an Octopode Conjurer on Sept 12, 2021.
             Was a Priest of Sif Muna.
             Constricted to death by Jorgrun (13 damage)
             ... on level 13 of the Dungeon.
             The game lasted 02:58:41 (29457 turns).

ZARRMARR the Covert (Octopode Conjurer)            Turns: 29457, Time: 02:58:42

Health: -5/90      AC:  5    Str: 12    XL:     13   Next: 51%
Magic:  15/17      EV: 17    Int: 30    God:    Sif Muna [***...]
Gold:   726        SH:  5    Dex: 12    Spells: 7/16 levels left

rFire    + . .     SeeInvis .   a - +8 long sword of the Singing Jester {freeze, rPois Will+}
rCold    . . .     Faith    +   F - +0 buckler
rNeg     . . .     Spirit   .   (helmet restricted)
rPois    +         Reflect  .   v - amulet of faith
rElec    .         Harm     .   j - +6 ring of intelligence
rCorr    .         Rampage  .   n - +4 ring of protection
Will     ++...                  o - ring of wizardry
Stlth    ++++++....             r - ring of protection from fire
HPRegen  0.25/turn              I - +4 ring of evasion
MPRegen  0.15/turn              J - ring of willpower
                                M - +6 ring of strength
                                (no ring)

@: grasped by roots, hasted, constricted, very quick
A: almost no armour, amphibious, 8 rings, camouflage 1, gelatinous body 1,
(nimble swimmer 1), tentacles
a: Renounce Religion, Channel Magic, Forget Spell


You were on level 13 of the Dungeon.
You worshipped Sif Muna.
Sif Muna was most pleased with you.
You visited 3 branches of the dungeon, and saw 15 of its levels.

You collected 726 gold pieces.

Inventory:

Hand Weapons
 a - the +8 long sword of the Singing Jester (weapon) {freeze, rPois Will+}
   (You found it on level 4 of the Dungeon)

   It freezes those it strikes, dealing additional cold damage.
   It can also slow down cold-blooded creatures.
   rPois:     It protects you from poison.
   Will:      It increases your willpower.
 d - a +3 dagger
Missiles
 m - 14 curare-tipped darts (quivered)
Armour
 F - a +0 buckler (worn)
Jewellery
 j - a +6 ring of intelligence (left tentacle)
 n - a +4 ring of protection (right tentacle)
 o - a ring of wizardry (on tentacle)
 r - a ring of protection from fire (on tentacle)
 s - a ring of flight
 t - a ring of ice
 v - an amulet of faith (around mantle)
 I - a +4 ring of evasion (on tentacle)
 J - a ring of willpower (on tentacle)
 M - a +6 ring of strength (on tentacle)
Wands
 u - a wand of mindburst (27)
 z - a wand of flame (44)
 D - a wand of digging (11)
 G - a wand of polymorph (11)
 H - a wand of acid (3)
Scrolls
 f - 2 scrolls of magic mapping
 k - 3 scrolls of teleportation
 w - 3 scrolls of amnesia
 y - 6 scrolls of vulnerability
 A - a scroll of immolation
 E - a scroll of enchant weapon
Potions
 b - 4 potions of mutation
 c - 4 potions of curing
 e - 2 potions of lignification
 g - a potion of resistance {unknown}
 h - a potion of degeneration {unknown}
 i - 3 potions of cancellation
 p - 3 potions of brilliance {unknown}
 x - a potion of heal wounds {unknown}
 B - a potion of might {unknown}
 K - a potion of magic {unknown}
Miscellaneous
 C - a box of beasts (inert)


   Skills:
 + Level 9.3 Fighting
 * Level 11.4 Long Blades
 + Level 9.5 Dodging
 + Level 13.2 Stealth
 - Level 4.0 Shields
 - Level 2.0 Spellcasting
 - Level 9.1 Conjurations
 - Level 3.9 Transmutations
 + Level 5.7 Invocations


You had 7 spell levels left.
You knew the following spells:

 Your Spells              Type           Power      Damage    Failure   Level
a - Magic Dart            Conj           100%       1d8       1%          1
b - Searing Ray           Conj           100%       3d7       1%          2
c - Apportation           Tloc           6%         N/A       3%          1
d - Irradiate             Conj/Tmut      21%        3d21      6%          5

Your spell library contained the following spells:

 Spells                   Type           Power      Damage    Failure   Level
 Conjure Flame            Conj/Fire      30%        6-21      1%          3
 Dazzling Flash           Conj/Hex       60%        N/A       1%          3
 Animate Skeleton         Necr           6%         N/A       3%          1
 Corona                   Hex            3%         N/A       3%          1
 Summon Small Mammal      Summ           12%        N/A       3%          1
 Blink                    Tloc           N/A        N/A       4%          2
 Corpse Rot               Necr/Air       N/A        N/A       4%          2
 Fulminant Prism          Conj/Hex       15%        3d11      4%          4
 Iskenderun's Mystic Bla  Conj/Tloc      30%        2d8       4%          4
 Call Canine Familiar     Summ           3%         N/A       10%         3
 Lesser Beckoning         Tloc           1%         N/A       10%         3
 Portal Projectile        Hex/Tloc       6%         N/A       10%         3
 Dispel Undead            Necr           3%         3d7       30%         4
 Leda's Liquefaction      Hex/Erth       1%         N/A       30%         4
 Olgreb's Toxic Radiance  Pois           3%         N/A       30%         4
 Manifold Assault         Tloc           3%         N/A       61%         5
 Death Channel            Necr           1%         N/A       99%         6
 Ozocubu's Refrigeration  Ice            1%         4d5       100%        7
 Ignition                 Fire           1%         3d3       100%        8


Dungeon Overview and Level Annotations

Branches:
Dungeon (13/15)            Temple (1/1) D:7            Lair (1/6) D:8
    Orc (0/2) D:11
 Vaults: D:13-14

Altars:
Ashenzari
Cheibriados
Dithmenos
Elyvilon
Fedhas
Gozag
Hepliaklqana
Kikubaaqudgha
Makhleb
Nemelex Xobeh
Okawaru
Qazlal
Ru
Sif Muna
Trog
Uskayaw
Vehumet
Wu Jian
Xom
Yredelemnul
Zin
The Shining One

Shops:
D:1 (   D:11 (   D:13 (

Portals:
Trove: D:11 (give 16 scrolls of teleportation)

Annotations:
D:1 exclusion: downstairs
D:3 exclusion: downstairs
D:4 exclusion: downstairs
D:5 exclusion: downstairs
D:6 exclusion: 2 downstairs
D:7 exclusion: downstairs
D:8 exclusion: 2 downstairs
D:10 exclusion: howler monkey, Erolcha
D:11 exclusions: boulder beetle and downstairs
D:13 exclusions: komodo dragon, tengu warrior, 2 vampire mosquitoes and wind drake, Jorgrun, Urug


Innate Abilities, Weirdness & Mutations

You cannot wear most types of armour.
You are amphibious.
You can wear up to eight rings at the same time.
Your skin changes colour to match your surroundings (Stealth+).
Your rubbery body absorbs attacks. (AC +1, EV +1)
((You are camouflaged near water. (Stealth+)))
You have tentacles for arms and can constrict up to eight enemies at once.


Message History

You hear a grinding noise.
Deactivating autopickup; reactivate with Ctrl-A.
You closely miss something. Something barely misses you. Something hits you!
Something barely misses you. Something hits you.
Casting: Apportation (safe; 3% risk of failure)
Confirm with . or Enter, or press ? or * to list all spells.
You can't see any susceptible monsters within range! (Use Z to cast anyway.) Unknown command.
Unknown command.
Unknown command.
Casting: Apportation (safe; 3% risk of failure)
Confirm with . or Enter, or press ? or * to list all spells.
You can't see any susceptible monsters within range! (Use Z to cast anyway.) Unknown command.
Unknown command.
Casting: Apportation (safe; 3% risk of failure)
Confirm with . or Enter, or press ? or * to list all spells.
Aiming: Searing Ray (safe; 1% risk of failure)
Press: ? - help, Shift-Dir - straight line (Press . to maintain the ray.)
Something hits you!
You hear a grinding noise.
Something hits you!
Jorgrun Earthshaker comes into view.
He is wielding a +0 vorpal quarterstaff.
Unknown command.
Unknown command.
Jorgrun moves out of view.
You feel yourself speed up. Something barely misses you.
You hear a grinding noise.
The brown ugly thing punches you!
You are splashed with acid!
Jorgrun gestures at you while chanting. The iron shot hits you!!
* * * LOW HITPOINT WARNING * * *
Unknown command.
Jorgrun points at you and mumbles some strange words.
Roots burst forth from the earth!
The grasping roots grab you! The grasping roots constrict you!
You die...

......#
###.........####.#...#
##'#### #)........#
#.#.### ...# #######'###
#.#.... ?### #..# ####.##
.# #####+##### #.#
'######## #.........# #..
....#...# ###<>...รท...#
##.#
###.#.#.#####.'.........#
.#
..#.#.#.'.....#.@.......#
.#
#.#.#.#.#######.........#
.# #...#.#.# #...u.....#
Q. #.###.#.# #####.'####
......#.# ##..##
##'###### ####.g.# #.####
#....#..# #....#
#........# ####..#
............#


You could see Jorgrun and a brown ugly thing.

Vanquished Creatures
  Rupert (D:12)
  Josephine (D:10)
  3 hydras
  Erica (D:9)
  An ogre mage (D:12)
  8 two-headed ogres
  Sonja (D:10)
  A deep elf pyromancer (D:9)
  An ugly thing (D:13)
  3 cyclopes
  Maurice (D:8)
  A gargoyle (D:12)
  3 kobold demonologists
  A komodo dragon (D:8)
  5 trolls
  A hornet (D:11)
  A slime creature (D:7)
  3 blink frogs (D:8)
  2 vampires
  8 wraiths
  A shadow (D:11)
  Sigmund (D:2)
  30 yaks
  A steam dragon (D:9)
  A wyvern (D:10)
  2 vampire mosquitoes
  Menkaure (D:4)
  Edmund (D:6)
  A water moccasin (D:7)
  4 orc warriors
  An ice beast (D:5)
  4 black bears
  5 ogres
  20 centaurs
  3 wolves (D:8)
  A phantom (D:7)
  4 kobold brigands
  Blork the orc (D:4)
  2 bullfrogs
  A gnoll sergeant (D:8)
  A scorpion (D:6)
  A water moccasin zombie (D:5)
  4 killer bees
  4 howler monkeys
  5 centaur zombies
  5 hounds
  A jelly (D:7)
  A gnoll shaman (D:7)
  An orc priest (D:6)
  2 bullfrog skeletons (D:6)
  3 orc wizards
  2 iguanas (D:6)
  Natasha (thrice) (D:2)
  2 killer bee zombies
  A hound zombie (D:5)
  A howler monkey zombie (D:8)
  5 gnolls (D:8)
  10 adders
  2 howler monkey skeletons
  5 shadow imps
  A white imp (D:6)
  An adder skeleton (D:4)
  2 worms (D:2)
  2 dart slugs
  19 orcs
  4 endoplasms
  8 goblins
  4 hobgoblins
  3 jackals (D:4)
  12 kobolds
  5 quokkas
  3 training dummies (D:11)
  7 ball pythons
  8 bats
  3 frilled lizards
  3 rats
276 creatures vanquished.

Vanquished Creatures (collateral kills)
  6 yaks (Lair:1)
  A water moccasin (Lair:1)
7 creatures vanquished.

Vanquished Creatures (others)
  32 plants (D:8)
32 creatures vanquished.

Grand Total: 315 creatures vanquished

Notes
Turn   | Place    | Note
-------+----------+-------------------------------------------
     0 | D:1      | ZARRMARR the Octopode Conjurer began the quest for the Orb.
     0 | D:1      | Reached XP level 1. HP: 11/11 MP: 3/3
   217 | D:1      | Reached XP level 2. HP: 18/18 MP: 3/5
   245 | D:1      | Reached skill level 3 in Stealth
   726 | D:1      | Reached XP level 3. HP: 22/22 MP: 3/6
   862 | D:1      | Found Ruenov's Weapon Emporium.
  1062 | D:1      | Reached skill level 1 in Fighting
  1195 | D:2      | Noticed Sigmund
  1199 | D:2      | Noticed Natasha
  1268 | D:2      | Learned a level 2 spell: Searing Ray
  1443 | D:3      | Reached XP level 4. HP: 28/28 MP: 2/7
  1500 | D:3      | Found a sacrificial altar of Ru.
  1743 | D:3      | Noticed a black bear
  1744 | D:3      | Found a stormy altar of Qazlal.
  1777 | D:3      | Killed a black bear
  1778 | D:3      | Reached skill level 4 in Stealth
  1778 | D:3      | Reached skill level 5 in Conjurations
  1778 | D:3      | Reached XP level 5. HP: 34/34 MP: 0/8
  2311 | D:4      | Noticed a black bear
  2311 | D:4      | Noticed a centaur
  2354 | D:4      | Noticed a centaur
  2357 | D:4      | HP: 1/34 [centaur/arrow (9)]
  2358 | D:4      | Killed a centaur
  2359 | D:4      | Reached XP level 6. HP: 1/40 MP: 2/9
  2706 | D:4      | Identified the +8 long sword of the Singing Jester {freeze,
                  | rPois Will+}
  2833 | D:4      | Found an ornate altar of the Wu Jian Council.
  2891 | D:5      | Entered Level 5 of the Dungeon
  2907 | D:5      | Noticed a black bear
  2951 | D:4      | Noticed Menkaure
  3142 | D:5      | Reached skill level 1 in Long Blades
  3142 | D:5      | Reached skill level 5 in Stealth
  3278 | D:5      | Reached XP level 7. HP: 45/45 MP: 10/10
  3503 | D:5      | Noticed a two-headed ogre
  3879 | D:6      | Noticed Edmund
  4273 | D:5      | HP: 2/46 [ice beast (6)]
  4288 | D:5      | Reached XP level 8. HP: 27/52 MP: 11/11
  4303 | D:5      | Killed a two-headed ogre
  4304 | D:5      | Reached skill level 7 in Stealth
  4923 | D:5      | Reached XP level 9. HP: 59/59 MP: 5/12
  4984 | D:5      | Reached skill level 5 in Dodging
  5438 | D:7      | Found a hide-covered altar of Uskayaw.
  5704 | D:7      | Found a snail-covered altar of Cheibriados.
  5704 | D:7      | Noticed a cyclops
  5965 | D:7      | Reached skill level 8 in Stealth
  6019 | D:7      | Found a shimmering altar of Xom.
  6184 | D:6      | Reached skill level 5 in Fighting
  6187 | D:6      | Reached skill level 5 in Long Blades
  6438 | D:7      | Found a staircase to the Ecumenical Temple.
  6447 | Temple   | Entered the Ecumenical Temple
  6508 | Temple   | Became a worshipper of Sif Muna the Loreminder
  6667 | D:8      | Noticed a kobold demonologist
  6668 | D:8      | Noticed a kobold demonologist
  7239 | D:7      | Killed a cyclops
  7240 | D:7      | Reached XP level 10. HP: 68/68 MP: 4/13
  7545 | D:7      | Noticed a six-headed hydra
  7545 | D:7      | Noticed a kobold demonologist
  7582 | D:6      | Reached skill level 9 in Stealth
  7862 | D:6      | Killed Edmund
  8645 | D:7      | Found a shimmering altar of Xom.
  8645 | D:7      | Found a hide-covered altar of Uskayaw.
  8790 | D:7      | Found a snail-covered altar of Cheibriados.
  9325 | D:7      | Killed a kobold demonologist
  9751 | D:8      | Noticed Maurice
  9893 | D:2      | Killed Natasha
  9962 | D:2      | Killed Sigmund
 10136 | D:2      | Noticed Natasha
 10139 | D:2      | Killed Natasha
 10553 | D:2      | Noticed Natasha
 10559 | D:2      | Killed Natasha
 11120 | D:4      | Killed Menkaure
 11177 | D:4      | Reached skill level 10 in Stealth
 11285 | D:4      | Reached * piety under Sif Muna
 11345 | D:4      | Noticed Blork the orc
 11355 | D:4      | Killed Blork the orc
 11946 | D:7      | Found a staircase to the Ecumenical Temple.
 11999 | D:7      | Killed a six-headed hydra
 12000 | D:7      | Reached XP level 11. HP: 55/74 MP: 14/14
 12148 | D:7      | Got Inyst's Grimoire of Destructive Changing
 12214 | D:7      | Learned a level 5 spell: Irradiate
 12627 | D:8      | Reached skill level 1 in Transmutations
 13572 | D:8      | Found a staircase to the Lair.
 13908 | D:8      | Killed Maurice
 13909 | D:8      | Reached skill level 1 in Shields
 14113 | D:8      | Found a staircase to the Lair.
 14256 | Lair:1   | Entered Level 1 of the Lair of Beasts
 14984 | Lair:1   | Reached skill level 11 in Stealth
 14990 | Lair:1   | Noticed an eight-headed hydra
 15244 | D:8      | Reached ** piety under Sif Muna
 15334 | D:9      | Noticed a two-headed ogre
 15398 | D:9      | Killed a two-headed ogre
 15515 | D:9      | Found a sparkling altar of Nemelex Xobeh.
 15616 | D:9      | Reached skill level 1 in Invocations
 15813 | D:9      | Found a shadowy altar of Dithmenos.
 15939 | D:9      | Noticed a deep elf pyromancer
 15944 | D:9      | Killed a deep elf pyromancer
 16055 | D:9      | Noticed Erica
 16232 | D:10     | Entered Level 10 of the Dungeon
 16362 | D:10     | Noticed Sonja
 16575 | D:10     | Noticed a cyclops
 16918 | D:10     | Reached XP level 12. HP: 82/82 MP: 3/15
 16920 | D:10     | Noticed Josephine
 16927 | D:10     | Killed Josephine
 18163 | D:10     | Noticed Erolcha
 18673 | D:9      | Killed Erica
 19259 | D:10     | Killed Sonja
 19542 | D:11     | Noticed a boulder beetle
 19824 | D:11     | Found Rukoun's Firing Range.
 20209 | D:11     | Found a portal to a secret trove of treasure.
 21545 | D:11     | Found a staircase to the Orcish Mines.
 21728 | D:11     | Reached skill level 12 in Stealth
 22124 | D:11     | Reached skill level 10 in Long Blades
 22128 | D:11     | Reached *** piety under Sif Muna
 22773 | D:11     | Learned a level 1 spell: Apportation
 23273 | D:12     | Noticed an eight-headed hydra
 23362 | D:12     | Killed an eight-headed hydra
 24062 | D:12     | Noticed a two-headed ogre
 24070 | D:12     | Killed a two-headed ogre
 24146 | D:12     | Noticed Rupert
 24184 | D:12     | Killed Rupert
 24185 | D:12     | Reached XP level 13. HP: 90/90 MP: 2/16
 24470 | D:12     | Reached skill level 5 in Invocations
 27254 | D:12     | Reached skill level 13 in Stealth
 29023 | D:13     | Found Fielolir's Weapon Boutique.
 29184 | D:13     | Noticed Urug
 29451 | D:13     | Noticed Jorgrun
 29457 | D:13     | Constricted to death by Jorgrun

Illustrated notes

Levels and vault maps discovered:
D:1:      kennysheep_arrival_forest, layout_basic, serial_shops, shop
D:2:      layout_rooms, uniq_natasha, uniq_sigmund
D:3:      layout_rooms, marbit_many_paths,
          mainiacjoe_overflow_concentric_impassable,
          chequers_serial_rivers_micro_c
D:4:      layout_cave_pools, mainiacjoe_overflow_alcove_1, uniq_menkaure,
          uniq_blork_the_orc
D:5:      kennysheep_big_flooded_room, layout_cave_pools, st_stairs_12
D:6:      layout_basic, uniq_edmund
D:7:      minmay_the_grid_octo_triangle [minmay_the_grid_octo_odd_swirl,
          minmay_the_grid_octo_prize_ultimate_mussel_roller,
          minmay_the_grid_octo_empty], layout_basic, mainiacjoe_overflow_paths,
          mainiacjoe_overflow_large_starburst
D:8:      nicolae_whirlpool, layout_cave_pools, david_lair_shrubbed,
          fountainhead, uniq_maurice
D:9:      layout_roguey, lemuel_coloured_pillars_altar, nemelex_altar_shiori,
          minivault_16, minmay_misc_feat_iff, uniq_erica
D:10:     layout_gridville, uniq_josephine, uniq_erolcha, uniq_sonja
D:11:     layout_stronghold, david_orc_2, enter_trove_2,
          nicolae_shop_firing_range
D:12:     layout_irregular_city, uniq_rupert
D:13:     layout_roguey, serial_shops, nicolae_square_shop, elyvilon_altar_3,
          uniq_urug, uniq_jorgrun
Temple:   zaba_magenta_temple
Lair:1:   layout_regular_city, grunt_megastairs_1, serial_bayou_shore_a,
          minmay_lair_oklob_chamber

Skill      XL: |  1  2  3  4  5  6  7  8  9 10 11 12 13 |
---------------+----------------------------------------+-----
Stealth        | 3 4 5 7 8 10 11 12 13 | 13.2
Fighting       | 1 2 3 4 5 6 7 8 9 |  9.3
Conjurations   | 5 6 7 8 9 |  9.1
Dodging        | 3 4 6 7 8 9 |  9.5
Long Blades    | 1 2 3 6 8 9 10 11 | 11.4
Transmutations | 3 |  3.9
Shields        | 3 4 |  4.0
Invocations    | 1 4 5 |  5.7
Spellcasting   | |  2.0

Action                   |  1- 3 |  4- 6 |  7- 9 | 10-12 | 13-15 || total
-------------------------+-------+-------+-------+-------+-------++-------
Melee: Unarmed           |     6 |       |       |       |       ||     6
       Constrict         |     3 |       |     7 |    19 |     1 ||    30
       Dagger            |     7 |     1 |     3 |    20 |     1 ||    32
       Long sword        |       |     1 |    30 |    98 |     7 ||   136
       Tentacles         |       |       |     4 |    20 |     1 ||    25
Throw: Dart              |       |       |     8 |    20 |     2 ||    30
       Throwing net      |       |       |       |     1 |       ||     1
 Cast: Magic Dart        |    54 |    24 |    45 |   146 |    64 ||   333
       Searing Ray       |     1 |    14 |    34 |   134 |    24 ||   207
       Irradiate         |       |       |       |     1 |       ||     1
       Apportation       |       |       |       |     9 |    20 ||    29
Invok: Channel Magic     |       |       |       |     1 |       ||     1
Evoke: Wand              |       |       |       |    16 |     7 ||    23
       Box of beasts     |       |       |       |     2 |       ||     2
  Use: Scroll            |       |     5 |     2 |    12 |     1 ||    20
       Potion            |       |       |     3 |     2 |     1 ||     6
 Stab: Sleeping          |       |     1 |     3 |    13 |     1 ||    18
Armor: Skin              |     4 |     1 |    12 |    24 |     1 ||    42
Dodge: Dodged            |     8 |     9 |    51 |   235 |    69 ||   372
Block: Buckler           |       |       |       |    51 |    17 ||    68
       Rpst.: Long sword |       |       |    13 |    39 |     5 ||    57
